Workbook

Sheet OPĆI DIO
A3: FINANCIJSKI PLAN (proračunski korisnik) ZA 2021. I PROJEKCIJA PLANA ZA 2022. I 2023. GODINU
A4: OPĆI DIO
F6: Plan za 2021. | G6: Projekcija plana za 2022. | H6: Projekcija plana za 2023.
A7: PRIHODI UKUPNO | F7: =+F8+F9 -> 7698850 | G7: =G8+G9 -> 7698850 | H7: =+H8+H9 -> 7698850
A8: PRIHODI POSLOVANJA | F8: 7698850 | G8: 7698850 | H8: 7698850
A9: PRIHODI OD PRODAJE NEFINANCIJSKE IMOVINE | F9: 0 | G9: 0 | H9: 0
A10: RASHODI UKUPNO | F10: =+F11+F12 -> 7668850 | G10: =+G11+G12 -> 7698850 | H10: =+H11+H12 -> 7698850
A11: RASHODI POSLOVANJA | F11: 7487000 | G11: 7487000 | H11: 7487000
A12: RASHODI ZA NABAVU NEFINANCIJSKE IMOVINE | F12: 181850 | G12: 211850 | H12: 211850
A13: RAZLIKA - VIŠAK / MANJAK | F13: =+F7-F10 -> 30000 | G13: =+G7-G10 -> 0 | H13: =+H7-H10 -> 0
F15: Plan za 2021. | G15: Projekcija plana za 2022. | H15: Projekcija plana za 2023.
A16: UKUPAN DONOS VIŠKA/MANJKA IZ PRETHODNE(IH) GODINE | F16: -30000
A17: VIŠAK/MANJAK IZ PRETHODNE(IH) GODINE KOJI ĆE SE POKRITI/RASPOREDITI | F17: -30000 | G17: 0 | H17: 0
F19: Plan za 2021. | G19: Projekcija plana za 2022. | H19: Projekcija plana za 2023.
A20: PRIMICI OD FINANCIJSKE IMOVINE I ZADUŽIVANJA
A21: IZDACI ZA FINANCIJSKU IMOVINU I OTPLATE ZAJMOVA
A22: NETO FINANCIRANJE | F22: =F20-F21 -> 0 | G22: =G20-G21 -> 0 | H22: =H20-H21 -> 0
A24: VIŠAK / MANJAK + NETO FINANCIRANJE | F24: =IF((F13+F17+F22)<>0,"NESLAGANJE ZBROJA",(F13+F17+F22)) -> 0 | G24: =IF((G13+G17+G22)<>0,"NESLAGANJE ZBROJA",(G13+G17+G22)) -> 0 | H24: =IF((H13+H17+H22)<>0,"NESLAGANJE ZBROJA",(H13+H17+H22)) -> 0
A26: Napomena: Redak UKUPAN DONOS VIŠKA/MANJKA IZ PRETHODNE(IH) GODINA služi kao informacija i ne uzima se u obzir kod uravnoteženja proračuna, već se proračun uravnotežuje retkom VIŠAK/MANJAK IZ PRETHODNE(IH) GODINE KOJI ĆE SE POKRITI/RASPOREDITI.

Sheet PLAN PRIHODA
A1: ŠIFRA | B1: NAZIV | C1: IZVOR FINANCIRANJA | D1: IZVOR FINANCIRANJA - NAZIV | E1: PLAN 2021. | F1: PROJEKCIJA PLANA 2022. | G1: PROJEKCIJA PLANA 2023.
E2: =SUM(E3:E13) -> 7668850 | F2: =SUM(F3:F42) -> 7698850 | G2: =SUM(G3:G42) -> 7698850
A3: 671111 | B3: Prihodi iz nadležnog proračuna za financiranje rashoda poslovanja-dec. | C3: 12 | D3: Decentralizirana funckija - osnovno školstvo | E3: 695000 | F3: 695000 | G3: =F3 -> 695000
A4: 671112 | B4: Prihodi iz nadležnog proračuna za financiranje rashoda poslovanja-gradska sredstva | C4: 11 | D4: =LOOKUP(C4,'KATALOG IZVORA FINANCIRANJA'!$A$2:$B$40) -> Opći prihodi i primici (nenamjenski) - gradska sredstva | E4: 272000 | F4: =E4 -> 272000 | G4: =F4 -> 272000
A5: 67121 | B5: Prihodi iz nadležnog proračuna za financiranje rashoda za nabavu nefinancijske imovine | C5: 11 | D5: =LOOKUP(C5,'KATALOG IZVORA FINANCIRANJA'!$A$2:$B$40) -> Opći prihodi i primici (nenamjenski) - gradska sredstva | E5: 22350 | F5: 22350 | G5: 22350
A6: 63612 | B6: Tekuće pomoći iz državnog proračuna proračunskim korisnicima proračuna JLP(R)S-mzo | C6: 41 | D6: =LOOKUP(C6,'KATALOG IZVORA FINANCIRANJA'!$A$2:$B$40) -> Tekuće pomoći iz državnog proračuna | E6: 6169500 | F6: =E6 -> 6169500 | G6: =F6 -> 6169500
A7: 65264 | B7: Sufinanciranje cijene uslufe, participacije i slično | C7: 21 | D7: Vlastiti prihodi proračunskih korisnika | E7: 518000 | F7: 518000 | G7: 518000
A8: 66151 | B8: Prihodi od pruženih usluga | C8: 21 | D8: Vlastiti prihodi proračunskih korisnika | E8: 10000 | F8: 10000 | G8: 10000
A9: 64132 | B9: Kamate na depozite po viđenju | C9: 21 | D9: =LOOKUP(C9,'KATALOG IZVORA FINANCIRANJA'!$A$2:$B$40) -> Vlastiti prihodi proračunskih korisnika | E9: 700 | F9: 700 | G9: 700
A10: 68311 | B10: Ostali prihodi | C10: 21 | D10: Vlastiti prihodi proračunskih korisnika | E10: 1000 | F10: 1000 | G10: 1000
A11: 64151 | B11: Prihodi od pozitivnih tečajnih razlika | C11: 21 | D11: Vlastiti prihodi proračunskih korisnika | E11: 300 | F11: 300 | G11: 300
A12: 63612 | B12: Tekuće pomoći iz državnog proračuna proračunskim korisnicima proračuna JLP(R)S-županija | C12: 42 | D12: =LOOKUP(C12,'KATALOG IZVORA FINANCIRANJA'!$A$2:$B$40) -> Tekuće pomoći iz županijskog proračuna | E12: 10000 | F12: =E12 -> 10000 | G12: =F12 -> 10000
A13: 92222 | B13: Manjak prihoda od nefinancijske imovine | C13: 21 | D13: =LOOKUP(C13,'KATALOG IZVORA FINANCIRANJA'!$A$2:$B$40) -> Vlastiti prihodi proračunskih korisnika | E13: -30000 | F13: 0 | G13: 0

Sheet PLAN RASHODA I IZDATAKA
A1: ŠIFRA | B1: NAZIV | C1: IZVOR FINANCIRANJA | D1: IZVOR FINANCIRANJA - NAZIV | E1: PLAN 2021. | F1: PROJEKCIJA PLANA 2022. | G1: PROJEKCIJA PLANA 2023.
A2: 0400 | B2: UPRAVNI ODJEL DRUŠTVENIH DJELATNOSTI | E2: =SUM(E3,E149) -> 7668850 | F2: =F3+F153 -> 7698850 | G2: =SUM(G3,G149) -> 7698850
A3: 0431 | B3: OSNOVNO ŠKOLSTVO | E3: =SUM(E4,E18) -> 7396850 | F3: =F4+F18 -> 7426850 | G3: =SUM(G4,G18) -> 7426850
A4: 161372600000001 | B4: PLAN RAZVOJNIH PROGRAMA | E4: =SUM(E5) -> 181850 | F4: =SUM(F5) -> 211850 | G4: =SUM(G5) -> 211850
A5: 3100 | B5: 3100: KAPITALNO ULAGANJE U OSNOVNO ŠKOLSTVO | E5: =SUM(E6:E17) -> 181850 | F5: =SUM(F6:F17) -> 211850 | G5: =SUM(G6:G17) -> 211850
A6: 42211 | B6: Računala i računalna oprema | C6: 21 | D6: =LOOKUP(C6,'KATALOG IZVORA FINANCIRANJA'!$A$2:$B$40) -> Vlastiti prihodi proračunskih korisnika | E6: 15000 | F6: 15000 | G6: 15000
A7: 42212 | B7: Uredski namještaj | C7: 21 | D7: =LOOKUP(C7,'KATALOG IZVORA FINANCIRANJA'!$A$2:$B$40) -> Vlastiti prihodi proračunskih korisnika | E7: 10000 | F7: 10000 | G7: 10000
A8: 42219 | B8: Ostala uredska oprema | C8: 21 | D8: =LOOKUP(C8,'KATALOG IZVORA FINANCIRANJA'!$A$2:$B$40) -> Vlastiti prihodi proračunskih korisnika | E8: 10000 | F8: 10000 | G8: 10000
A9: 42221 | B9: Radio i TV prijemnici | C9: 21 | D9: =LOOKUP(C9,'KATALOG IZVORA FINANCIRANJA'!$A$2:$B$40) -> Vlastiti prihodi proračunskih korisnika | E9: 8000 | F9: 8000 | G9: 8000
A10: 42222 | B10: Telefoni i ostali uređaji | C10: 21 | D10: =LOOKUP(C10,'KATALOG IZVORA FINANCIRANJA'!$A$2:$B$40) -> Vlastiti prihodi proračunskih korisnika | E10: 5000 | F10: 5000 | G10: 5000
A11: 42229 | B11: Ostala komunikacijska oprema | C11: 21 | D11: =LOOKUP(C11,'KATALOG IZVORA FINANCIRANJA'!$A$2:$B$40) -> Vlastiti prihodi proračunskih korisnika | E11: 5000 | F11: 5000 | G11: 5000
A12: 42231 | B12: Oprema za ventilaciju, grijanje i hlađenje | C12: 21 | D12: =LOOKUP(C12,'KATALOG IZVORA FINANCIRANJA'!$A$2:$B$40) -> Vlastiti prihodi proračunskih korisnika | E12: 8000 | F12: 8000 | G12: 8000
A13: 42232 | B13: Oprema za održavanje prostorija | C13: 21 | D13: =LOOKUP(C13,'KATALOG IZVORA FINANCIRANJA'!$A$2:$B$40) -> Vlastiti prihodi proračunskih korisnika | E13: 5000 | F13: 5000 | G13: 5000
A14: 42239 | B14: Ostala oprema za održavanje i zaštitu | C14: 21 | D14: =LOOKUP(C14,'KATALOG IZVORA FINANCIRANJA'!$A$2:$B$40) -> Vlastiti prihodi proračunskih korisnika | E14: 5000 | F14: 5000 | G14: 5000
A15: 42262 | B15: Glazbeni instrumenti i oprema | C15: 11 | D15: =LOOKUP(C15,'KATALOG IZVORA FINANCIRANJA'!$A$2:$B$40) -> Opći prihodi i primici (nenamjenski) - gradska sredstva | E15: 22350 | F15: 22350 | G15: 22350
A16: 42262 | B16: Glazbeni instrumenti i oprema | C16: 21 | D16: =LOOKUP(C16,'KATALOG IZVORA FINANCIRANJA'!$A$2:$B$40) -> Vlastiti prihodi proračunskih korisnika | E16: 71500 | F16: 101500 | G16: 101500
A17: 42411 | B17: Knjige | C17: 21 | D17: =LOOKUP(C17,'KATALOG IZVORA FINANCIRANJA'!$A$2:$B$40) -> Vlastiti prihodi proračunskih korisnika | E17: 17000 | F17: 17000 | G17: 17000
A18: 161372600000002 | B18: TEKUĆI PROGRAMI | D18: =LOOKUP(C18,'KATALOG IZVORA FINANCIRANJA'!$A$2:$B$40) -> Nema izvora financiranja | E18: =SUM(E19,E45,E138) -> 7215000 | F18: =F19+F45+F138 -> 7215000 | G18: =G19+G45+G138 -> 7215000
A19: 161372110210009 | B19: STRUČNO, ADMINISTARTIVNO TEHNIČKO OSOBLJE | D19: =LOOKUP(C19,'KATALOG IZVORA FINANCIRANJA'!$A$2:$B$40) -> Nema izvora financiranja | E19: =SUM(E20:E44) -> 6029500 | F19: =SUM(F20:F44) -> 6029500 | G19: =SUM(G20:G44) -> 6029500
A20: 31111 | B20: Plaće za zaposlene | C20: 41 | D20: =LOOKUP(C20,'KATALOG IZVORA FINANCIRANJA'!$A$2:$B$40) -> Tekuće pomoći iz državnog proračuna | E20: 5000000 | F20: 5000000 | G20: 5000000
A21: 31112 | B21: Plaće za vježbenike | D21: =LOOKUP(C21,'KATALOG IZVORA FINANCIRANJA'!$A$2:$B$40) -> Nema izvora financiranja | E21: 0 | F21: 0 | G21: 0
A22: 31113 | B22: Plaće po sudskim presudama | D22: =LOOKUP(C22,'KATALOG IZVORA FINANCIRANJA'!$A$2:$B$40) -> Nema izvora financiranja | E22: 0 | F22: 0 | G22: 0
A23: 31126 | B23: Dnevni obroci | D23: =LOOKUP(C23,'KATALOG IZVORA FINANCIRANJA'!$A$2:$B$40) -> Nema izvora financiranja | E23: 0 | F23: 0 | G23: 0
A24: 31129 | B24: Ostale plaće u naravi | D24: =LOOKUP(C24,'KATALOG IZVORA FINANCIRANJA'!$A$2:$B$40) -> Nema izvora financiranja | E24: 0 | F24: 0 | G24: 0
A25: 31131 | B25: Plaće za prekovremeni rad | D25: =LOOKUP(C25,'KATALOG IZVORA FINANCIRANJA'!$A$2:$B$40) -> Nema izvora financiranja | E25: 0 | F25: 0 | G25: 0
A26: 31141 | B26: Plaće za posebne uvjete rada | D26: =LOOKUP(C26,'KATALOG IZVORA FINANCIRANJA'!$A$2:$B$40) -> Nema izvora financiranja | E26: 0 | F26: 0 | G26: 0
A27: 31211 | B27: Bonus za uspješan rad | D27: =LOOKUP(C27,'KATALOG IZVORA FINANCIRANJA'!$A$2:$B$40) -> Nema izvora financiranja | E27: 0 | F27: 0 | G27: 0
A28: 31212 | B28: Nagrade | C28: 41 | D28: =LOOKUP(C28,'KATALOG IZVORA FINANCIRANJA'!$A$2:$B$40) -> Tekuće pomoći iz državnog proračuna | E28: 40000 | F28: 40000 | G28: 40000
A29: 31212 | B29: Nagrade | C29: 42 | D29: Tekuće pomoći iz županijskog proračuna | E29: 10000 | F29: 10000 | G29: 10000
A30: 31213 | B30: Darovi | C30: 41 | D30: =LOOKUP(C30,'KATALOG IZVORA FINANCIRANJA'!$A$2:$B$40) -> Tekuće pomoći iz državnog proračuna | E30: 15000 | F30: 15000 | G30: 15000
A31: 31214 | B31: Otpremnine | D31: =LOOKUP(C31,'KATALOG IZVORA FINANCIRANJA'!$A$2:$B$40) -> Nema izvora financiranja | E31: 0 | F31: 0 | G31: 0
A32: 31215 | B32: Naknade za bolest, invalidnost i smrtni slučaj | C32: 41 | D32: =LOOKUP(C32,'KATALOG IZVORA FINANCIRANJA'!$A$2:$B$40) -> Tekuće pomoći iz državnog proračuna | E32: 5000 | F32: 5000 | G32: 5000
A33: 31216 | B33: Regres za godišnji odmor | C33: 41 | D33: =LOOKUP(C33,'KATALOG IZVORA FINANCIRANJA'!$A$2:$B$40) -> Tekuće pomoći iz državnog proračuna | E33: 70000 | F33: 70000 | G33: 70000
A34: 31219 | B34: Ostali nenavedeni rashodi za zaposlene | C34: 41 | D34: =LOOKUP(C34,'KATALOG IZVORA FINANCIRANJA'!$A$2:$B$40) -> Tekuće pomoći iz državnog proračuna | E34: 70000 | F34: 70000 | G34: 70000
A35: 31311 | B35: Doprinosi za mirovinsko osiguranje | D35: =LOOKUP(C35,'KATALOG IZVORA FINANCIRANJA'!$A$2:$B$40) -> Nema izvora financiranja | E35: 0 | F35: 0 | G35: 0
A36: 31321 | B36: Doprinosi za obvezno zdravstveno osiguranje | C36: 41 | D36: =LOOKUP(C36,'KATALOG IZVORA FINANCIRANJA'!$A$2:$B$40) -> Tekuće pomoći iz državnog proračuna | E36: 800000 | F36: 800000 | G36: 800000
A37: 31322 | B37: Doprinos za obvezno zdravstveno osiguranje zaštite zdravlja na radu | D37: =LOOKUP(C37,'KATALOG IZVORA FINANCIRANJA'!$A$2:$B$40) -> Nema izvora financiranja | E37: 0 | F37: 0 | G37: 0
A38: 31329 | B38: Ostali doprinosi | D38: =LOOKUP(C38,'KATALOG IZVORA FINANCIRANJA'!$A$2:$B$40) -> Nema izvora financiranja | E38: 0 | F38: 0 | G38: 0
A39: 31332 | B39: Doprinosi za obvezno osiguranje u slučaju nezaposlenosti | D39: =LOOKUP(C39,'KATALOG IZVORA FINANCIRANJA'!$A$2:$B$40) -> Nema izvora financiranja | E39: 0 | F39: 0 | G39: 0
A40: 31333 | B40: Poseban doprinos za poticanje zapošljavanja osoba s invaliditetom | D40: =LOOKUP(C40,'KATALOG IZVORA FINANCIRANJA'!$A$2:$B$40) -> Nema izvora financiranja | E40: 0 | F40: 0 | G40: 0
A41: 32121 | B41: Naknade za prijevoz na posao i s posla | D41: =LOOKUP(C41,'KATALOG IZVORA FINANCIRANJA'!$A$2:$B$40) -> Nema izvora financiranja | E41: 0 | F41: 0 | G41: 0
A42: 32122 | B42: Naknade za rad na terenu | D42: =LOOKUP(C42,'KATALOG IZVORA FINANCIRANJA'!$A$2:$B$40) -> Nema izvora financiranja | E42: 0 | F42: 0 | G42: 0
A43: 32123 | B43: Naknade za odvojeni život | D43: =LOOKUP(C43,'KATALOG IZVORA FINANCIRANJA'!$A$2:$B$40) -> Nema izvora financiranja | E43: 0 | F43: 0 | G43: 0
A44: 32955 | B44: Novčana naknada poslodavca zbog nezapošljavanja osoba s invaliditetom | C44: 41 | D44: =LOOKUP(C44,'KATALOG IZVORA FINANCIRANJA'!$A$2:$B$40) -> Tekuće pomoći iz državnog proračuna | E44: 19500 | F44: 19500 | G44: 19500
A45: 161372110210010 | B45: OPĆI POSLOVI USTANOVA OSNOVNOG ŠKOLSTVA | D45: =LOOKUP(C45,'KATALOG IZVORA FINANCIRANJA'!$A$2:$B$40) -> Nema izvora financiranja | E45: =SUM(E46:E137) -> 1073500 | F45: =SUM(F46:F137) -> 1073500 | G45: =SUM(G46:G137) -> 1073500
A46: 32111 | B46: Dnevnice za službeni put u zemlji | C46: 12 | D46: Decentralizirana funckija - osnovno školstvo | E46: 10000 | F46: 10000 | G46: 10000
A47: 32111 | B47: Dnevnice za službeni put u zemlji | C47: 21 | D47: =LOOKUP(C47,'KATALOG IZVORA FINANCIRANJA'!$A$2:$B$40) -> Vlastiti prihodi proračunskih korisnika | E47: 4000 | F47: 4000 | G47: 4000
A48: 32112 | B48: Dnevnice za službeni put u inozemstvu | C48: 21 | D48: =LOOKUP(C48,'KATALOG IZVORA FINANCIRANJA'!$A$2:$B$40) -> Vlastiti prihodi proračunskih korisnika | E48: 7000 | F48: 7000 | G48: 7000
A49: 32113 | B49: Naknade za smještaj na službenom putu u zemlji | C49: 12 | D49: Decentralizirana funckija - osnovno školstvo | E49: 4100 | F49: 4100 | G49: 4100
A50: 32113 | B50: Naknade za smještaj na službenom putu u zemlji | C50: 21 | D50: =LOOKUP(C50,'KATALOG IZVORA FINANCIRANJA'!$A$2:$B$40) -> Vlastiti prihodi proračunskih korisnika | E50: 5000 | F50: 5000 | G50: 5000
A51: 32114 | B51: Naknade za smještaj na službenom putu u inozemstvu | C51: 21 | D51: =LOOKUP(C51,'KATALOG IZVORA FINANCIRANJA'!$A$2:$B$40) -> Vlastiti prihodi proračunskih korisnika | E51: 7000 | F51: 7000 | G51: 7000
A52: 32115 | B52: Naknade za prijevoz na službenom putu u zemlji | C52: 12 | D52: Decentralizirana funckija - osnovno školstvo | E52: 1500 | F52: 1500 | G52: 1500
A53: 32115 | B53: Naknade za prijevoz na službenom putu u zemlji | C53: 21 | D53: =LOOKUP(C53,'KATALOG IZVORA FINANCIRANJA'!$A$2:$B$40) -> Vlastiti prihodi proračunskih korisnika | E53: 4000 | F53: 4000 | G53: 4000
A54: 32116 | B54: Naknade za prijevoz na službenom putu u inozemstvu | C54: 21 | D54: =LOOKUP(C54,'KATALOG IZVORA FINANCIRANJA'!$A$2:$B$40) -> Vlastiti prihodi proračunskih korisnika | E54: 7000 | F54: 7000 | G54: 7000
A55: 32121 | B55: Naknade za prijevoz na posao i s posla | C55: 12 | D55: Decentralizirana funckija - osnovno školstvo | E55: 380000 | F55: 380000 | G55: 380000
A56: 32211 | B56: Uredski materijal | C56: 12 | D56: Decentralizirana funckija - osnovno školstvo | E56: 10000 | F56: 10000 | G56: 10000
A57: 32211 | B57: Uredski materijal | C57: 21 | D57: =LOOKUP(C57,'KATALOG IZVORA FINANCIRANJA'!$A$2:$B$40) -> Vlastiti prihodi proračunskih korisnika | E57: 3000 | F57: 3000 | G57: 3000
A58: 32212 | B58: Literatura (publikacije, časopisi, glasila, knjige i ostalo) | C58: 12 | D58: Decentralizirana funckija - osnovno školstvo | E58: 2000 | F58: 2000 | G58: 2000
A59: 32212 | B59: Literatura (publikacije, časopisi, glasila, knjige i ostalo) | C59: 21 | D59: =LOOKUP(C59,'KATALOG IZVORA FINANCIRANJA'!$A$2:$B$40) -> Vlastiti prihodi proračunskih korisnika | E59: 3000 | F59: 3000 | G59: 3000
A60: 32214 | B60: Materijal i sredstva za čišćenje i održavanje | C60: 12 | D60: Decentralizirana funckija - osnovno školstvo | E60: 4000 | F60: 4000 | G60: 4000
A61: 32214 | B61: Materijal i sredstva za čišćenje i održavanje | C61: 21 | D61: =LOOKUP(C61,'KATALOG IZVORA FINANCIRANJA'!$A$2:$B$40) -> Vlastiti prihodi proračunskih korisnika | E61: 2000 | F61: 2000 | G61: 2000
A62: 32216 | B62: Materijal za higijenske potrebe i njegu | C62: 12 | D62: Decentralizirana funckija - osnovno školstvo | E62: 6000 | F62: 6000 | G62: 6000
A63: 32216 | B63: Materijal za higijenske potrebe i njegu | C63: 21 | D63: =LOOKUP(C63,'KATALOG IZVORA FINANCIRANJA'!$A$2:$B$40) -> Vlastiti prihodi proračunskih korisnika | E63: 2000 | F63: 2000 | G63: 2000
A64: 32219 | B64: Ostali materijal za potrebe redovnog poslovanja | C64: 12 | D64: Decentralizirana funckija - osnovno školstvo | E64: 5000 | F64: 5000 | G64: 5000
A65: 32219 | B65: Ostali materijal za potrebe redovnog poslovanja | C65: 21 | D65: =LOOKUP(C65,'KATALOG IZVORA FINANCIRANJA'!$A$2:$B$40) -> Vlastiti prihodi proračunskih korisnika | E65: 3000 | F65: 3000 | G65: 3000
A66: 32231 | B66: Električna energija | C66: 21 | D66: =LOOKUP(C66,'KATALOG IZVORA FINANCIRANJA'!$A$2:$B$40) -> Vlastiti prihodi proračunskih korisnika | E66: 5000 | F66: 5000 | G66: 5000
A67: 32233 | B67: Plin | C67: 12 | D67: Decentralizirana funckija - osnovno školstvo | E67: 5500 | F67: 5500 | G67: 5500
A68: 32233 | B68: Plin | C68: 21 | D68: =LOOKUP(C68,'KATALOG IZVORA FINANCIRANJA'!$A$2:$B$40) -> Vlastiti prihodi proračunskih korisnika | E68: 3000 | F68: 3000 | G68: 3000
A69: 32234 | B69: Motorni benzin i dizel gorivo | C69: 12 | D69: Decentralizirana funckija - osnovno školstvo | E69: 18000 | F69: 18000 | G69: 18000
A70: 32234 | B70: Motorni benzin i dizel gorivo | C70: 21 | D70: =LOOKUP(C70,'KATALOG IZVORA FINANCIRANJA'!$A$2:$B$40) -> Vlastiti prihodi proračunskih korisnika | E70: 2000 | F70: 2000 | G70: 2000
A71: 32251 | B71: Sitni inventar | C71: 21 | D71: =LOOKUP(C71,'KATALOG IZVORA FINANCIRANJA'!$A$2:$B$40) -> Vlastiti prihodi proračunskih korisnika | E71: 15000 | F71: 15000 | G71: 15000
A72: 32271 | B72: Službena, radna i zaštitna odjeća i obuća | C72: 21 | D72: =LOOKUP(C72,'KATALOG IZVORA FINANCIRANJA'!$A$2:$B$40) -> Vlastiti prihodi proračunskih korisnika | E72: 10000 | F72: 10000 | G72: 10000
A73: 32311 | B73: Usluge telefona, telefaksa | C73: 12 | D73: Decentralizirana funckija - osnovno školstvo | E73: 10000 | F73: 10000 | G73: 10000
A74: 32311 | B74: Usluge telefona, telefaksa | C74: 21 | D74: =LOOKUP(C74,'KATALOG IZVORA FINANCIRANJA'!$A$2:$B$40) -> Vlastiti prihodi proračunskih korisnika | E74: 3000 | F74: 3000 | G74: 3000
A75: 32313 | B75: Poštarina (pisma, tiskanice i sl.) | C75: 12 | D75: Decentralizirana funckija - osnovno školstvo | E75: 8000 | F75: 8000 | G75: 8000
A76: 32313 | B76: Poštarina (pisma, tiskanice i sl.) | C76: 21 | D76: =LOOKUP(C76,'KATALOG IZVORA FINANCIRANJA'!$A$2:$B$40) -> Vlastiti prihodi proračunskih korisnika | E76: 2000 | F76: 2000 | G76: 2000
A77: 32314 | B77: Rent a car | C77: 21 | D77: =LOOKUP(C77,'KATALOG IZVORA FINANCIRANJA'!$A$2:$B$40) -> Vlastiti prihodi proračunskih korisnika | E77: 10000 | F77: 10000 | G77: 10000
A78: 32319 | B78: Ostale usluge za komunikaciju i prijevoz | C78: 12 | D78: Decentralizirana funckija - osnovno školstvo | E78: 9000 | F78: 9000 | G78: 9000
A79: 32319 | B79: Ostale usluge za komunikaciju i prijevoz | C79: 21 | D79: =LOOKUP(C79,'KATALOG IZVORA FINANCIRANJA'!$A$2:$B$40) -> Vlastiti prihodi proračunskih korisnika | E79: 5000 | F79: 5000 | G79: 5000
A80: 32331 | B80: Elektronski mediji | C80: 12 | D80: Decentralizirana funckija - osnovno školstvo | E80: 5000 | F80: 5000 | G80: 5000
A81: 32331 | B81: Elektronski mediji | C81: 21 | D81: =LOOKUP(C81,'KATALOG IZVORA FINANCIRANJA'!$A$2:$B$40) -> Vlastiti prihodi proračunskih korisnika | E81: 4000 | F81: 4000 | G81: 4000
A82: 32332 | B82: Tisak | C82: 21 | D82: =LOOKUP(C82,'KATALOG IZVORA FINANCIRANJA'!$A$2:$B$40) -> Vlastiti prihodi proračunskih korisnika | E82: 8000 | F82: 8000 | G82: 8000
A83: 32334 | B83: Promidžbeni materijali | C83: 12 | D83: Decentralizirana funckija - osnovno školstvo | E83: 5000 | F83: 5000 | G83: 5000
A84: 32334 | B84: Promidžbeni materijali | C84: 21 | D84: =LOOKUP(C84,'KATALOG IZVORA FINANCIRANJA'!$A$2:$B$40) -> Vlastiti prihodi proračunskih korisnika | E84: 3000 | F84: 3000 | G84: 3000
A85: 32339 | B85: Ostale usluge promidžbe i informiranja | C85: 12 | D85: Decentralizirana funckija - osnovno školstvo | E85: 10000 | F85: 10000 | G85: 10000
A86: 32339 | B86: Ostale usluge promidžbe i informiranja | C86: 21 | D86: =LOOKUP(C86,'KATALOG IZVORA FINANCIRANJA'!$A$2:$B$40) -> Vlastiti prihodi proračunskih korisnika | E86: 5000 | F86: 5000 | G86: 5000
A87: 32341 | B87: Opskrba vodom | C87: 12 | D87: Decentralizirana funckija - osnovno školstvo | E87: 2000 | F87: 2000 | G87: 2000
A88: 32341 | B88: Opskrba vodom | C88: 21 | D88: =LOOKUP(C88,'KATALOG IZVORA FINANCIRANJA'!$A$2:$B$40) -> Vlastiti prihodi proračunskih korisnika | E88: 3000 | F88: 3000 | G88: 3000
A89: 32342 | B89: Iznošenje i odvoz smeća | C89: 12 | D89: Decentralizirana funckija - osnovno školstvo | E89: 1000 | F89: 1000 | G89: 1000
A90: 32342 | B90: Iznošenje i odvoz smeća | C90: 21 | D90: =LOOKUP(C90,'KATALOG IZVORA FINANCIRANJA'!$A$2:$B$40) -> Vlastiti prihodi proračunskih korisnika | E90: 1000 | F90: 1000 | G90: 1000
A91: 32343 | B91: Deratizacija i dezinsekcija | C91: 21 | D91: =LOOKUP(C91,'KATALOG IZVORA FINANCIRANJA'!$A$2:$B$40) -> Vlastiti prihodi proračunskih korisnika | E91: 10000 | F91: 10000 | G91: 10000
A92: 32349 | B92: Ostale komunalne usluge | C92: 12 | D92: Decentralizirana funckija - osnovno školstvo | E92: 2400 | F92: 2400 | G92: 2400
A93: 32349 | B93: Ostale komunalne usluge | C93: 21 | D93: =LOOKUP(C93,'KATALOG IZVORA FINANCIRANJA'!$A$2:$B$40) -> Vlastiti prihodi proračunskih korisnika | E93: 500 | F93: 500 | G93: 500
A94: 32353 | B94: Zakupnine i najamnine za opremu | C94: 21 | D94: =LOOKUP(C94,'KATALOG IZVORA FINANCIRANJA'!$A$2:$B$40) -> Vlastiti prihodi proračunskih korisnika | E94: 5000 | F94: 5000 | G94: 5000
A95: 32355 | B95: Zakupnine i najamnine za prijevozna sredstva | C95: 12 | D95: Decentralizirana funckija - osnovno školstvo | E95: 28000 | F95: 28000 | G95: 28000
A96: 32355 | B96: Zakupnine i najamnine za prijevozna sredstva | C96: 21 | D96: =LOOKUP(C96,'KATALOG IZVORA FINANCIRANJA'!$A$2:$B$40) -> Vlastiti prihodi proračunskih korisnika | E96: 5000 | F96: 5000 | G96: 5000
A97: 32359 | B97: Ostale zakupnine i najamnine | C97: 21 | D97: =LOOKUP(C97,'KATALOG IZVORA FINANCIRANJA'!$A$2:$B$40) -> Vlastiti prihodi proračunskih korisnika | E97: 5000 | F97: 5000 | G97: 5000
A98: 32361 | B98: Obvezni i preventivni zdravstveni pregledi zaposlenika | C98: 12 | D98: Decentralizirana funckija - osnovno školstvo | E98: 8000 | F98: 8000 | G98: 8000
A99: 32371 | B99: Autorski honorari | C99: 12 | D99: Decentralizirana funckija - osnovno školstvo | E99: 15000 | F99: 15000 | G99: 15000
A100: 32372 | B100: Autorski honorari | C100: 21 | D100: =LOOKUP(C100,'KATALOG IZVORA FINANCIRANJA'!$A$2:$B$40) -> Vlastiti prihodi proračunskih korisnika | E100: 4000 | F100: 4000 | G100: 4000
...

Sheet KATALOG IZVORA FINANCIRANJA
A1: Izvor | B1: Opis
A2: 0 | B2: Nema izvora financiranja
A3: 1 | B3: Opći prihodi i primici
A4: 11 | B4: Opći prihodi i primici (nenamjenski) - gradska sredstva
A5: 12 | B5: Decentralizirana funckija - osnovno školstvo
A6: 13 | B6: Decentralizirana funkcija - vatrogastvo
A7: 2 | B7: Vlastiti prihodi
A8: 21 | B8: Vlastiti prihodi proračunskih korisnika
A9: 3 | B9: Prihodi za posebne namjene
A10: 31 | B10: Komunalna naknada
A11: 32 | B11: Komunalni doprinos
A12: 33 | B12: Spomenička renta
A13: 34 | B13: Prihodi od poljoprivrivrednog zemljišta
... A40: 81 | B40: Štete

Sheet RAČUNSKI PLAN
A1: Konto | B1: Naziv
A2: 0 | B2: Nefinancijska imovina
A3: 01 | B3: Neproizvedena dugotrajna imovina
A4: 011 | B4: Materijalna imovina - prirodna bogatstva
A5: 0111 | B5: Zemljište
A6: 01111 | B6: Poljoprivredno zemljište
A7: 01112 | B7: Građevinsko zemljište
A8: 01119 | B8: Ostala zemljišta
A9: 0112 | B9: Rudna bogatstva
A10: 01121 | B10: Nafta i zemni plin
A11: 01122 | B11: Plemeniti metali
A12: 01123 | B12: Drago kamenje
... A312: 12453 | B312: Potraživanja za više plaćene doprinose za zapošljavanje
A313: 125 | B313: Ispravak vrijednosti potraživanja od zaposlenih te za više plaćene poreze i ostalo
A314: 1251 | B314: Ispravak vrijednosti potraživanja od zaposlenih te za više plaćene poreze i ostalo
A315: 12511 | B315: Ispravak vrijednosti potraživanja od zaposlenih
A316: 12512 | B316: Ispravak vrijednosti potraživanja za više plaćene poreze i doprinose
A317: 12513 | B317: Ispravak vrijednosti ostalih potraživanja
A318: 129 | B318: Ostala potraživanja
A319: 1291 | B319: Potraživanja za naknade koje se refundiraju i predujmove
A320: 12911 | B320: Potraživanja za naknade koje se refundiraju
A321: 12912 | B321: Potraživanja za predujmove
A322: 12913 | B322: Potraživanja za dane predujmove za EU projekte
A323: 1292 | B323: Ostala nespomenuta potraživanja
A324: 12921 | B324: Ostala nespomenuta potraživanja
A325: 1293 | B325: Potraživanja za prodana potraživanja (faktoring)
... A351: 133 | B351: Zajmovi kreditnim i ostalim financijskim institucijama u javnom sektoru
A352: 1332 | B352: Zajmovi kreditnim institucijama u javnom sektoru
A353: 13321 | B353: Zajmovi kreditnim institucijama u javnom sektoru - kratkoročni
A354: 13322 | B354: Zajmovi kreditnim institucijama u javnom sektoru - dugoročni
A355: 13323 | B355: Zajmovi kreditnim institucijama u javnom sektoru po protestiranim jamstvima
A356: 1333 | B356: Zajmovi osiguravajućim društvima u javnom sektoru
A357: 13331 | B357: Zajmovi osiguravajućim društvima u javnom sektoru - kratkoročni
A358: 13332 | B358: Zajmovi osiguravajućim društvima u javnom sektoru - dugoročni
A359: 13333 | B359: Zajmovi osiguravajućim društvima u javnom sektoru po protestiranim jamstvima
A360: 1334 | B360: Zajmovi ostalim financijskim institucijama u javnom sektoru
A361: 13341 | B361: Zajmovi ostalim financijskim institucijama u javnom sektoru - kratkoročni
A362: 13342 | B362: Zajmovi ostalim financijskim institucijama u javnom sektoru - dugoročni
A363: 13343 | B363: Zajmovi ostalim financijskim institucijama u javnom sektoru po protestiranim jamstvima
A364: 134 | B364: Zajmovi trgovačkim društvima u javnom sektoru
A365: 1341 | B365: Zajmovi trgovačkim društvima u javnom sektoru
A366: 13411 | B366: Zajmovi trgovačkim društvima u javnom sektoru - kratkoročni
A367: 13412 | B367: Zajmovi trgovačkim društvima u javnom sektoru - dugoročni
A368: 13413 | B368: Zajmovi trgovačkim društvima u javnom sektoru po protestiranim jamstvima
A369: 135 | B369: Zajmovi kreditnim i ostalim financijskim institucijama izvan javnog sektora
A370: 1353 | B370: Zajmovi tuzemnim kreditnim institucijama izvan javnog sektora
A371: 13531 | B371: Zajmovi tuzemnim kreditnim institucijama izvan javnog sektora - kratkoročni
A372: 13532 | B372: Zajmovi tuzemnim kreditnim institucijama izvan javnog sektora - dugoročni
A373: 13533 | B373: Zajmovi tuzemnim kreditnim institucijama izvan javnog sektora po protestiranim jamstvima
... A405: 13662 | B405: Zajmovi inozemnim obrtnicima - dugoročni
A406: 137 | B406: Zajmovi drugim razinama vlasti
A407: 1371 | B407: Zajmovi državnom proračunu
A408: 13711 | B408: Zajmovi državnom proračunu - kratkoročni
A409: 13712 | B409: Zajmovi državnom proračunu - dugoročni
A410: 1372 | B410: Zajmovi županijskim proračunima
A411: 13721 | B411: Zajmovi županijskim proračunima - kratkoročni
A412: 13722 | B412: Zajmovi županijskim proračunima - dugoročni
A413: 13723 | B413: Zajmovi županijskim proračunima po protestiranim jamstvima
A414: 1373 | B414: Zajmovi gradskim proračunima
A415: 13731 | B415: Zajmovi gradskim proračunima - kratkoročni
A416: 13732 | B416: Zajmovi gradskim proračunima - dugoročni
A417: 13733 | B417: Zajmovi gradskim proračunima po protestiranim jamstvima
A418: 1374 | B418: Zajmovi općinskim proračunima
... A522: 16134 | B522: Povremeni porezi na imovinu
A523: 16135 | B523: Ostali stalni porezi na imovinu
A524: 1614 | B524: Porezi na robu i usluge
A525: 16141 | B525: Porez na dodanu vrijednost
A526: 16142 | B526: Porez na promet
A527: 16143 | B527: Posebni porezi i trošarine
A528: 16145 | B528: Porezi na korištenje dobara ili izvođenje aktivnosti
A529: 16146 | B529: Ostali porezi na robu i usluge
A530: 16147 | B530: Porez na dobitke od igara na sreću i ostali porezi od igara na sreću
A531: 16148 | B531: Naknade za priređivanje igara na sreću
A532: 1615 | B532: Porezi na međunarodnu trgovinu i transakcije
A533: 16151 | B533: Carine i carinske pristojbe
A534: 16152 | B534: Ostali porezi na međunarodnu trgovinu i transakcije
A535: 1616 | B535: Ostali prihodi od poreza
A536: 16161 | B536: Ostali prihodi od poreza koje plaćaju pravne osobe
A537: 16162 | B537: Ostali prihodi od poreza koje plaćaju fizičke osobe
A538: 16163 | B538: Ostali neraspoređeni prihodi od poreza
A539: 162 | B539: Potraživanja za doprinose
A540: 1621 | B540: Doprinosi za obvezno zdravstveno osiguranje
A541: 16211 | B541: Doprinosi za obvezno zdravstveno osiguranje
A542: 16212 | B542: Doprinosi za obvezno zdravstveno osiguranje za slučaj ozljede na radu
A543: 1622 | B543: Doprinosi za mirovinsko osiguranje
A544: 16221 | B544: Doprinosi za mirovinsko osiguranje
A545: 1623 | B545: Doprinosi za zapošljavanje
A546: 16232 | B546: Doprinosi za obvezno osiguranje u slučaju nezaposlenosti
... A567: 1636 | B567: Potraživanja za pomoći proračunskim korisnicima iz proračuna koji im nije nadležan
A568: 16361 | B568: Potraživanja za tekuće pomoći proračunskim korisnicima iz proračuna koji im nije nadležan
A569: 16362 | B569: Potraživanja za kapitalne pomoći proračunskim korisnicima iz proračuna koji im nije nadležan
A570: 1638 | B570: Potraživanja za pomoći temeljem prijenosa EU sredstava
A571: 16381 | B571: Potraživanja za tekuće pomoći iz državnog proračuna temeljem prijenosa EU sredstava
A572: 16382 | B572: Potraživanja za kapitalne pomoći iz državnog proračuna temeljem prijenosa EU sredstava
A573: 16383 | B573: Potraživanja za tekuće pomoći iz proračuna JLP(R)S temeljem prijenosa EU sredstava
A574: 16384 | B574: Potraživanja za kapitalne pomoći iz proračuna JLP(R)S temeljem prijenosa EU sredstava
A575: 16385 | B575: Potraživanja za tekuće pomoći od proračunskog korisnika drugog proračuna temeljem prijenosa EU sredstava
A576: 16386 | B576: Potraživanja za kapitalne pomoći od proračunskog korisnika drugog proračuna temeljem prijenosa EU sredstava
A577: 16387 | B577: Potraživanja za tekuće pomoći od izvanproračunskog korisnika temeljem prijenosa EU sredstava
A578: 16388 | B578: Potraživanja za kapitalne pomoći od izvanproračunskog korisnika temeljem prijenosa EU sredstava
...
